 Dungeon Crawl Stone Soup version bcrawl-1.13.5 (webtiles) character file.

Game seed: 1140600232534734370

6026 DawwaD the Cleaver (level 10, -1/88 HPs)
             Began as a Minotaur Berserker on Aug 23, 2019.
             Was a High Priest of Trog.
             Slain by a death yak (16 damage)
             ... on level 8 of the Dungeon.
             The game lasted 00:24:04 (6510 turns).

DawwaD the Cleaver (Minotaur Berserker)             Turns: 6510, Time: 00:24:05

Health: -1/88      AC: 15    Str: 26    XL:     10   Next: 56%
Magic:  9/9        EV: 14    Int:  4    God:    Trog [*****.]
Gold:   521        SH:  0    Dex:  9    Spells: 9/9 levels left

rFire    . . .     SeeInvis .   i - +5 war axe of the Rattle-Snake {chop, rPois}
rCold    . . .     Gourm    .   (no shield)
rNeg     + . .     Faith    .   m - +1 chain mail {rN+}
rPois    +         Spirit   .   (helmet restricted)
rElec    .         Reflect  .   (no cloak)
rCorr    .         Harm     .   w - +0 pair of gloves (curse)
MR       .....                  k - +0 pair of boots
Stlth    ..........             (no amulet)
HPRegen  0.24/turn              A - +3 ring of evasion
MPRegen  0.11/turn              o - ring of flight

@: starving
A: retaliatory headbutt, horns 2
a: Berserk, Trog's Hand, Brothers in Arms, Renounce Religion, Evoke Flight


You were on level 8 of the Dungeon.
You worshipped Trog.
Trog was extremely pleased with you.
You were starving.

You visited 1 branch of the dungeon, and saw 8 of its levels.

You collected 521 gold pieces.

Inventory:

Hand Weapons
 a - a +0 hand axe
 i - the +5 war axe of the Rattle-Snake (weapon) {chop, rPois}
   (You found it on level 4 of the Dungeon)

   It inflicts extra damage upon your enemies.
   It protects you from poison.
 z - a +3 antimagic battleaxe
Missiles
 s - a throwing net (quivered) {!f}
Armour
 k - a +0 pair of boots (worn)
 m - a +1 chain mail of positive energy (worn)
 w - a cursed +0 pair of gloves (worn)
 x - the +3 scale mail of Protective Custody {rC+}
   (You found it on level 5 of the Dungeon)

   It protects you from cold.
 y - a +0 chain mail of poison resistance
Jewellery
 o - a ring of flight (right hand)
 A - a +3 ring of evasion (left hand)
Scrolls
 e - 2 scrolls of blinking
 f - 3 scrolls of immolation
 g - 2 scrolls of identify
 l - 3 scrolls of teleportation
 p - 5 scrolls of amnesia
 r - a scroll of enchant weapon
 B - a scroll of summoning {unknown}
Potions
 b - a potion of brilliance {unknown}
 d - a potion of curing {unknown}
 h - a potion of invisibility {unknown}
 j - 3 potions of lignification
 n - a potion of flight
 t - a potion of agility {unknown}
 u - a potion of might
 v - a potion of heal wounds {unknown}
Comestibles
 c - 12 rations {!d}


   Skills:
 + Level 8.1 Fighting
 + Level 13.4 Axes
 + Level 9.7 Armour
 + Level 5.9 Dodging
 + Level 1.4 Stealth


You had 9 spell levels left.
You didn't know any spells.
Your spell library contained the following spells:

 Spells                   Type           Power        Failure   Level  Hunger
 Shock                    Conj/Air       #....        95%         1    ##.....
 Swiftness                Chrm/Air       #.......     99%         2    ###....
 Static Discharge         Air            #.......     100%        3    ####...
 Airstrike                Air            #.........   100%        4    #####..
 Lightning Bolt           Conj/Air       #.........   100%        5    ######.


Dungeon Overview and Level Annotations

Branches:
Dungeon (8/12)             Temple (0/1) D:5
   Lair: D:7-9          Orc: D:8-11

Altars:
Hepliaklqana
Lugonu
Xom
The Shining One


Innate Abilities, Weirdness & Mutations

You reflexively headbutt those who attack you in melee.
You have a pair of horns on your head.


Message History

* * * LOW HITPOINT WARNING * * *
The phantom barely misses you. The death yak gores you.
* * * LOW HITPOINT WARNING * * *
A worker ant comes into view.
You're too hungry.
The death yak gores you.
* * * LOW HITPOINT WARNING * * *
The phantom blinks!
As you read the scroll of teleportation, it crumbles to dust.
You feel strangely unstable. The wolf bites you but does no damage.
A porcupine comes into view.
The wolf barely misses you.
The death yak gores you but does no damage.
The phantom blinks!
The death yak gores you but does no damage.
As you read the scroll of teleportation, it crumbles to dust.
You feel strangely stable. The wolf closely misses you.
You furiously retaliate!
You headbutt the wolf! The death yak misses you. The wolf closely misses you.
The death yak gores you!
You die...

..... ......a
#....##........
#.....$........
.##.............
................
.........o.....
.r(..(......... ......Yh..#
.. ......Y@..## #..#
...........###...#
..##....#.?....... #...
..... #.....#.......≈.
....................§≈≈≈...
...##...>...........≈≈≈≈≈..
.......###..........≈≈≈≈≈≈.
....................≈≈≈≈≈..
.........#.........≈≈≈≈≈≈..


You could see 2 death yaks, an orc warrior, a wolf and a porcupine.

Vanquished Creatures
  A death yak (D:8)
  2 centaur skeletons
  Grinder (D:6)
  Prince Ribbit (D:5)
  2 hippogriffs
  Sigmund (D:3)
  2 hungry ghosts
  Menkaure (D:5)
  A water moccasin (D:6)
  Duvessa (D:5)
  4 ice beasts
  3 sky beasts
  A necrophage (D:7)
  2 phantoms
  8 ogres
  2 centaurs
  5 bullfrogs
  Dowan (D:5)
  4 killer bees (D:7)
  4 scorpions
  An electric eel (D:8)
  A howler monkey (D:6)
  5 crimson imps
  2 jellies
  A gnoll shaman (D:5)
  2 hounds
  4 bullfrog skeletons
  An orc priest (D:5)
  Crazy Yiuf (D:5)
  6 orc wizards
  4 iguanas
  4 worker ants
  2 hound skeletons
  Robin (D:2)
  11 gnolls
  A howler monkey skeleton (D:5)
  8 adders
  A hound simulacrum (D:8)
  3 shadow imps
  A white imp (D:8)
  2 oozes
  An adder skeleton (D:4)
  2 worms (D:2)
  2 dart slugs
  2 leopard geckos
  13 orcs
  6 bats
  A giant cockroach (D:4)
  10 goblins
  9 hobgoblins
  8 jackals
  10 kobolds
  A quokka (D:2)
  5 frilled lizards
  A quokka skeleton (D:5)
  A quokka zombie (D:5)
  2 rats
183 creatures vanquished.

Notes
Turn   | Place    | Note
-------+----------+-------------------------------------------
     0 | D:1      | DawwaD the Minotaur Berserker began the quest for the Orb.
     0 | D:1      | Reached XP level 1. HP: 19/19 MP: 0/0
   169 | D:1      | Reached XP level 2. HP: 27/27 MP: 1/1
   182 | D:1      | Reached skill level 4 in Axes
   712 | D:2      | Reached XP level 3. HP: 11/34 MP: 2/2
  1166 | D:2      | Noticed Robin
  1169 | D:2      | Reached ** piety under Trog
  1174 | D:2      | Reached XP level 4. HP: 41/41 MP: 3/3
  1179 | D:2      | Killed Robin
  1754 | D:3      | Reached skill level 5 in Axes
  1907 | D:3      | Noticed Sigmund
  1916 | D:3      | Killed Sigmund
  1916 | D:3      | Reached XP level 5. HP: 47/47 MP: 4/4
  1916 | D:3      | Reached XP level 6. HP: 55/55 MP: 5/5
  1920 | D:3      | Reached skill level 5 in Fighting
  1920 | D:3      | Reached skill level 6 in Axes
  2106 | D:3      | Found a corrupted altar of Lugonu.
  2328 | D:4      | Reached skill level 5 in Armour
  2441 | D:4      | Found a glowing golden altar of the Shining One.
  2444 | D:4      | Reached *** piety under Trog
  2446 | D:4      | Reached XP level 7. HP: 45/61 MP: 6/6
  2650 | D:4      | Reached skill level 7 in Axes
  2659 | D:4      | Found a hazy altar of Hepliaklqana.
  2686 | D:4      | Got a crystal war axe
  2698 | D:4      | Identified the +5 war axe of the Rattle-Snake {chop, rPois}
                  | (You found it on level 4 of the Dungeon)
  2947 | D:4      | Found a shimmering altar of Xom.
  2949 | D:4      | Found an ornate altar of the Wu Jian Council.
  2949 | D:4      | Found a bloodstained altar of Trog.
  2951 | D:4      | Found an opulent altar of Gozag.
  2951 | D:4      | Found a hazy altar of Hepliaklqana.
  2951 | D:4      | Found a blossoming altar of Fedhas.
  3036 | D:5      | Entered Level 5 of the Dungeon
  3060 | D:5      | Noticed Duvessa
  3060 | D:5      | Noticed Dowan
  3061 | D:5      | Noticed Menkaure
  3063 | D:5      | Noticed Prince Ribbit
  3066 | D:5      | Killed Duvessa
  3069 | D:5      | Killed Prince Ribbit
  3070 | D:5      | Reached skill level 8 in Axes
  3070 | D:5      | Reached XP level 8. HP: 12/70 MP: 7/7
  3070 | D:5      | Killed Menkaure
  3071 | D:5      | Killed Dowan
  3658 | D:5      | Got a pitted scale mail
  3672 | D:5      | Identified the +3 scale mail of Protective Custody {rC+}
                  | (You found it on level 5 of the Dungeon)
  3695 | D:5      | Reached skill level 9 in Axes
  3695 | D:5      | Reached skill level 5 in Dodging
  3695 | D:5      | Reached skill level 1 in Stealth
  3804 | D:5      | Reached **** piety under Trog
  3804 | D:5      | Reached XP level 9. HP: 62/78 MP: 8/8
  3958 | D:5      | Found a staircase to the Ecumenical Temple.
  4097 | D:5      | Found a runed door.
  4101 | D:5      | Noticed Crazy Yiuf
  4104 | D:5      | Killed Crazy Yiuf
  4222 | D:5      | Reached skill level 10 in Axes
  4861 | D:6      | Noticed Grinder
  4870 | D:6      | Killed Grinder
  4872 | D:6      | Reached skill level 11 in Axes
  5515 | D:7      | Reached skill level 12 in Axes
  5585 | D:7      | Reached XP level 10. HP: 83/86 MP: 9/9
  5722 | D:7      | Reached ***** piety under Trog
  5995 | D:7      | Received a gift from Trog
  6475 | D:8      | Reached skill level 13 in Axes
  6492 | D:8      | Noticed a death yak
  6495 | D:8      | Noticed a death yak
  6497 | D:8      | Noticed a death yak
  6507 | D:8      | Killed a death yak
  6510 | D:8      | Slain by a death yak

Skill      XL: |  1  2  3  4  5  6  7  8  9 10 |
---------------+-------------------------------+-----
Axes           | 4 5 6 8 9 12 13 | 13.4
Fighting       | 4 5 6 7 8 |  8.1
Armour         | 3 4 5 6 7 8 9 |  9.7
Dodging        | 3 4 5 |  5.9
Stealth        | 1 |  1.4

Action                   |  1- 3 |  4- 6 |  7- 9 | 10-12 || total
-------------------------+-------+-------+-------+-------++-------
Melee: Hand axe          |    61 |    91 |    16 |       ||   168
       Headbutt          |    13 |    14 |    35 |    11 ||    73
       War axe           |       |       |   155 |    79 ||   234
Invok: Berserk           |     1 |     1 |     3 |     1 ||     6
  Use: Scroll            |       |       |     9 |     2 ||    11
       Potion            |       |       |     3 |       ||     3
  Eat: Chunk             |     1 |     4 |     6 |     2 ||    13
       Ration            |       |     1 |     2 |     1 ||     4
Armor: Ring mail         |    23 |    25 |     6 |       ||    54
       Chain mail        |       |       |    70 |    45 ||   115
Dodge: Dodged            |    54 |    53 |    82 |    62 ||   251
